 Dungeon Crawl Stone Soup version 0.30-a0-737-gf23d94013f (webtiles) character file.

Game seed: 15717119430030542705

107 Dordric the Shooter (level 5, -6/38 HPs)
             Began as a Formicid Hunter on Feb 2, 2023.
             Was an Initiate of Okawaru.
             Splashed by a jelly's acid (8 damage)
             ... on level 3 of the Dungeon.
             The game lasted 00:02:46 (1972 turns).

Dordric the Shooter (Formicid Hunter)               Turns: 1972, Time: 00:02:47

Health: -6/38      AC: -5    Str: 15    XL:     5   Next: 11%
Magic:  5/5        EV: 11    Int:  9    God:    Okawaru [......]
Gold:   142        SH:  4    Dex: 19    Spells: 4/4 levels left

rFire   . . .      SeeInvis +    a - +0 shortbow
rCold   . . .      Faith    .    r - +0 buckler
rNeg    . . .      Spirit   .    c - +0 leather armour
rPois   .          Reflect  .    (helmet unavailable)
rElec   .          Harm     .    (no cloak)
rCorr   .          Rampage  .    (no gloves)
Will    .....                    (no boots)
Stlth   ++                       m - amulet of the acrobat
HPRegen 0.26/turn                (no ring)
MPRegen 0.09/turn                (no ring)

@: corroded
A: permanent stasis, dig shafts and tunnels, antennae 3, four strong arms
a: Dig, Shaft Self, Renounce Religion


You were on level 3 of the Dungeon.
You worshipped Okawaru.
Okawaru was noncommittal.
You visited 1 branch of the dungeon, and saw 4 of its levels.

You collected 142 gold pieces.

Inventory:

Hand Weapons
 a - a +0 shortbow (weapon)
Armour
 c - a +0 leather armour (worn)
 r - a +0 buckler (worn)
Jewellery
 m - an amulet of the acrobat (around neck)
Scrolls
 b - a scroll of immolation
 d - 5 scrolls of identify {unknown}
 f - a scroll of amnesia {unknown}
 h - 2 scrolls of teleportation {unknown}
 j - a scroll of fog {unknown}
 k - 2 scrolls of acquirement {unknown}
 n - a scroll of poison {unknown}
 q - a scroll of magic mapping {unknown}
 s - a scroll of blinking {unknown}
Potions
 e - 4 potions of heal wounds {unknown}
 g - 3 potions of brilliance {unknown}
 i - a potion of lignification {unknown}
 l - a potion of invisibility {unknown}
 o - a potion of flight {unknown}
 p - a potion of curing {unknown}


   Skills:
 - Level 2.1 Fighting
 + Level 6.0 Ranged Weapons
 - Level 1.7 Dodging
 - Level 1.2 Stealth


You had 4 spell levels left.
You didn't know any spells.
Your spell library contained the following spells:

 Spells                   Type           Power      Damage    Failure   Level
 Magic Dart               Conj           0%         1d3       54%         1
 Searing Ray              Conj           0%         2d4       67%         2
 Frozen Ramparts          Ice            0%         1d1       88%         3
 Fulminant Prism          Conj/Hex       0%         3d5       99%         4
 Ice Form                 Ice/Tmut       0%         N/A       99%         4
 Summon Ice Beast         Ice/Summ       Unusable   N/A       N/A         4
 Malign Gateway           Summ/Tloc      Unusable   N/A       N/A         7
 Summon Horrible Things   Summ           Unusable   N/A       N/A         8

Dungeon Overview and Level Annotations

Branches:
Dungeon (4/15)
 Temple: D:4-7

Altars:
Ashenzari
Kikubaaqudgha
Okawaru


Innate Abilities, Weirdness & Mutations

You cannot be hasted, slowed, berserked, paralysed or teleported.
You can dig through walls and to a lower floor.
You have a pair of large antennae on your head. (SInv)
Your four strong arms can wield two-handed weapons with a shield.


Message History

A jelly comes into view.
You shoot an arrow. The arrow hits the jelly!
The jelly is severely wounded.
The jelly hits you but does no damage.
You climb upwards.
There is a stone staircase leading down here.
You shoot an arrow. The arrow hits the jelly.
The jelly is severely wounded.
The jelly hits you but does no damage.
You shoot an arrow. The arrow barely misses the jelly.
The jelly hits you but does no damage.
You shoot an arrow. The arrow hits the jelly.
The jelly is severely wounded.
The jelly barely misses you. The jelly hits you.
You are splashed with acid!
You shoot an arrow. The arrow hits the jelly.
The jelly is almost dead.
The jelly hits you.
You are splashed with acid!
You are too injured to fight recklessly!
You are too injured to fight recklessly!
You are too injured to fight recklessly!
You are too injured to fight recklessly!
You are too injured to fight recklessly!
You are too injured to fight recklessly!
You are too injured to fight recklessly!
You are too injured to fight recklessly!
A jelly is nearby!
You block the jelly's attack. The jelly attacks as you move away!
The jelly completely misses you. The jelly attacks as you move away!
The jelly hits you. The acid corrodes you!
You are splashed with acid!
* * * LOW HITPOINT WARNING * * *
Fire: a) +0 shortbow
Press: ? - help, Shift-Dir - straight line, f/p - jelly
Aim: a jelly (almost dead, 91% to hit)
You shoot an arrow. The arrow hits the jelly.
The jelly is almost dead.
The jelly hits you.
* * * LOW HITPOINT WARNING * * *
The acid corrodes you!
You are splashed with acid!
You die...

.##.# #.# ....# ###########.#
.#### #...........# .#
#.###..####.##
.######.###..#.....###
###.....<......#.....# #
#.#.#.#.#..###...#.######
#.#.#.#.#..###.......>..#####
#.#.#.........@J##.##.......#
#..#.##.######.###.##.#.###.#
#.###..............##.#.###.#
###..#.##.#.......#####.#..##.#
.##.#.###.#.......#####.##.##.#
....### #.........##Z##.......#
.#### ###.......#####.......#
## #.......#...#.##.##.#
#######.......#._.#.#..##.#


You could see a jelly.

Vanquished Creatures
  5 adders
  2 worms
  2 dart slugs (D:1)
  An orc (D:3)
  5 ball pythons
  5 endoplasms
  6 giant cockroaches
  A goblin (D:1)
  4 hobgoblins (D:1)
  2 jackals (D:3)
  A quokka (D:3)
  7 bats
  2 frilled lizards
  5 kobolds
  2 rats
50 creatures vanquished.

Vanquished Creatures (others)
  A human (D:3)
  5 plants (D:3)
6 creatures vanquished.

Grand Total: 56 creatures vanquished

Notes
Turn   | Place    | Note
-------+----------+-------------------------------------------
     0 | D:1      | Dordric the Formicid Hunter began the quest for the Orb.
     0 | D:1      | Reached XP level 1. HP: 16/16 MP: 1/1
   113 | D:1      | Reached XP level 2. HP: 22/22 MP: 2/2
   283 | D:1      | Reached XP level 3. HP: 25/27 MP: 3/3
   427 | D:1      | Reached skill level 5 in Ranged Weapons
   673 | D:2      | Reached XP level 4. HP: 33/33 MP: 4/4
   690 | D:2      | Identified the +0 short sword of Heaschif {drain, rF+}
   743 | D:2      | Found an iron altar of Okawaru.
   752 | D:2      | Became a worshipper of Warmaster Okawaru
  1270 | D:3      | Found a broken altar of Ashenzari.
  1506 | D:3      | Found an ancient bone altar of Kikubaaqudgha.
  1506 | D:3      | Noticed a human
  1511 | D:3      | Killed a human
  1604 | D:3      | Reached skill level 6 in Ranged Weapons
  1604 | D:3      | Reached XP level 5. HP: 30/38 MP: 5/5
  1972 | D:3      | Splashed by a jelly's acid

Illustrated notes

Levels and vault maps discovered:
D:1:      roderic_chinese_lattice_arrival, layout_basic
D:2:      minmay_inner_zag, layout_rooms, basic_altar
D:3:      layout_loops_cross, tgw_kikubaaqudgha, nicolae_overflow_hidden_temple,
          serial_bayou, serial_bayou_ford_a, serial_bayou_pond_a,
          serial_bayou_lake_a, serial_bayou_crossing
D:4:      layout_cave_pools, minmay_temple_entry_ruins, serial_column_ruins,
          column_ruins_pillar_5, column_ruins_pillar_4, column_ruins_pillar_2,
          column_ruins_pillar_10, column_ruins_pillar_1, column_ruins_pillar_6,
          column_ruins_pillar_1, column_ruins_pillar_3, column_ruins_pillar_5,
          column_ruins_pillar_9, column_ruins_pillar_2, column_ruins_pillar_5,
          serial_shops, nicolae_shop_competitors_out_of_business,
          minmay_misc_feat_nine_boxes, uniq_ijyb

Skill      XL: |  1  2  3  4 |
---------------+-------------+-----
Ranged Weapons | 5 6 |  6.0
Fighting       | |  2.1
Dodging        | |  1.7
Stealth        | |  1.2

Action                     |  1- 3 |  4- 6 || total
---------------------------+-------+-------++-------
   Fire: Shortbow          |    61 |    78 ||   139
 Armour: Leather armour    |     2 |    14 ||    16
  Dodge: Dodged            |     5 |    21 ||    26
  Block: Buckler           |       |     4 ||     4

Table legend: (Time is in decaauts)
 A = Elapsed time spent in this place.
 B = Non-inter-level travel time spent in this place.
 C = Inter-level travel time spent in this place.
 D = Time resting spent in this place.
 E = Time spent auto-exploring this place.
 F = Levels seen in this place.
 G = Mean time per level.
                   A        B        C        D        E       F      G
               +--------+--------+--------+--------+--------+-----+--------+
         Total |   2057 |   2002 |     55 |      0 |   1658 |   4 |  514.2 |
       Dungeon |   2057 |   2002 |     55 |      0 |   1658 |   4 |  514.2 |
               +--------+--------+--------+--------+--------+-----+--------+

Top non-repeatable levels by time:
     D:3: 902 daAuts
     D:2: 578 daAuts
     D:1: 566 daAuts
     D:4: 10 daAuts
